TOP OF THE 1ST |
Syracuse Starks batting - Pitching for Bloomington Longnecks : RHP Augusto Durán
|
Pitching: RHP Augusto Durán
|
|
Batting: RHB Mikko Haataja
|
0-0: Called Strike 0-1: Ball 1-1: Ball 2-1: Called Strike 2-2: Foul Ball, location: 2F 2-2: Fly out, F8 (Line Drive, 8LD, EV 96.9 MPH)
|
Batting: SHB Soren Loen
|
0-0: Ball 1-0: Ground out U3 (Groundball, 34, EV 111.9 MPH)
|
Batting: LHB Mare Riseley
|
0-0: Ball 1-0: Called Strike 1-1: Foul Ball, location: 2F 1-2: Foul Ball, location: 2F 1-2: Fly out, F9 (Flyball, 89D, EV 88.8 MPH)
|
Top of the 1st over - 0 runs, 0 hits, 0 errors, 0 left on base; Syracuse 0 - Bloomington 0 |
BOTTOM OF THE 1ST |
Bloomington Longnecks batting - Pitching for Syracuse Starks : LHP Ollie McDaniell
|
Pitching: LHP Ollie McDaniell
|
|
Batting: RHB David Milliken
|
0-0: Ball 1-0: Swinging Strike 1-1: Swinging Strike 1-2: Ball 2-2: Ball 3-2: Foul Ball, location: 2F 3-2: Foul Ball, location: 2F 3-2: SINGLE (Line Drive, 6D, EV 99.4 MPH)
|
Batting: RHB Mei Kim
|
0-0: Ball 1-0: Ball 2-0: Fielders Choice at 2nd, 5-4 (Groundball, 56, EV 90.6 MPH)
|
Batting: RHB Brock Waxley
|
0-0: Ball 1-0: Ball 2-0: Foul Ball, location: 2F 2-1: Foul Ball, location: 2F 2-2: SINGLE (Groundball, 6MD, EV 98.1 MPH) Mei Kim to second Runner from 2nd tries for 3rd, SAFE after rundown.
|
Batting: RHB Amon-Ra St. Brown
|
0-0: Called Strike 0-1: Ball 1-1: Ball 2-1: Foul Ball, location: 2F 2-2: Ball 3-2: Foul Ball, location: 2F 3-2: Foul Ball, location: 2F 3-2: Fielders Choice at 2nd, 6-4 (Groundball, 6, EV 83.1 MPH) Mei Kim scores
|
Batting: RHB Olo Iukekini
|
0-0: Ball 1-0: SINGLE (Line Drive, 4D, EV 99.4 MPH) Amon-Ra St. Brown to second Runner from 2nd tries for 3rd, SAFE, no throw by CF
|
Batting: RHB Cody Scott
|
0-0: Ball 1-0: Called Strike 1-1: Foul Ball, location: 2F 1-2: Ball 2-2: Foul Ball, location: 2F 2-2: Ball 3-2: DOUBLE (Line Drive, 78D, EV 105.0 MPH) Amon-Ra St. Brown scores Olo Iukekini to third Olo Iukekini scores
|
Pinch Runner at 2nd Sinclair Bothof:
|
|
Batting: LHB Leonid Machehin
|
0-0: Foul Ball, location: 2F 0-1: Ball 1-1: Ball 2-1: Foul Ball, location: 2F 2-2: Hit by Pitch
|
Batting: RHB Clay Myers
|
0-0: Ball 1-0: Called Strike 1-1: Foul Ball, location: 2F 1-2: Foul Ball, location: 2F 1-2: Ball 2-2: Strikes out looking
|
Bottom of the 1st over - 3 runs, 4 hits, 0 errors, 2 left on base; Syracuse 0 - Bloomington 3 |
TOP OF THE 2ND |
Syracuse Starks batting - Pitching for Bloomington Longnecks : RHP Augusto Durán
|
Now at 3B: Ichiyo Kiyomizu
|
|
Batting: RHB Akke Derksen
|
0-0: Ball 1-0: Ball 2-0: Called Strike 2-1: Fly out, F8 (Flyball, 8LD, EV 104.4 MPH)
|
Batting: LHB Gary Malone
|
0-0: Ground out U3 (Groundball, 34, EV 100.0 MPH)
|
Batting: RHB Graeme Dormer
|
0-0: Swinging Strike 0-1: Called Strike 0-2: Strikes out swinging
|
Top of the 2nd over - 0 runs, 0 hits, 0 errors, 0 left on base; Syracuse 0 - Bloomington 3 |
BOTTOM OF THE 2ND |
Bloomington Longnecks batting - Pitching for Syracuse Starks : LHP Ollie McDaniell
|
Batting: LHB Wayne Noble
|
0-0: Called Strike 0-1: Ball 1-1: Foul Ball, location: 2F 1-2: Ball 2-2: Foul Ball, location: 2F 2-2: Strikes out looking
|
Batting: RHB David Milliken
|
0-0: Ball 1-0: Ball 2-0: Called Strike 2-1: Called Strike 2-2: Strikes out swinging
|
Batting: RHB Mei Kim
|
0-0: Ball 1-0: Ball 2-0: Ball 3-0: Called Strike 3-1: Base on Balls
|
Batting: RHB Brock Waxley
|
0-0: Called Strike Mei Kim steals 2nd base (no throw) 0-1: Foul Ball, location: 2F 0-2: Ball 1-2: Ball 2-2: SINGLE (Line Drive, 9S, EV 104.4 MPH) Mei Kim to third Runner from 3rd tries for Home, SAFE, throw by RF to home Brock Waxley to second
|
Batting: RHB Amon-Ra St. Brown
|
0-0: Swinging Strike 0-1: Fly out, F9 (Flyball, 9, EV 92.5 MPH)
|
Bottom of the 2nd over - 1 run, 1 hit, 0 errors, 1 left on base; Syracuse 0 - Bloomington 4 |
TOP OF THE 3RD |
Syracuse Starks batting - Pitching for Bloomington Longnecks : RHP Augusto Durán
|
Batting: RHB Atanza Vongor
|
0-0: Ball 1-0: Foul Ball, location: 2F 1-1: Fly out, F7 (Flyball, 7S, EV 96.2 MPH)
|
Batting: RHB Damon Newbold
|
0-0: Called Strike 0-1: Fly out, F8 (Flyball, 78D, EV 103.1 MPH)
|
Batting: RHB Enrico Sánchez
|
0-0: Ball 1-0: Ball 2-0: Called Strike 2-1: Called Strike 2-2: Strikes out swinging
|
Top of the 3rd over - 0 runs, 0 hits, 0 errors, 0 left on base; Syracuse 0 - Bloomington 4 |
BOTTOM OF THE 3RD |
Bloomington Longnecks batting - Pitching for Syracuse Starks : LHP Ollie McDaniell
|
Batting: RHB Olo Iukekini
|
0-0: Ground out 5-3 (Groundball, 5, EV 83.1 MPH)
|
Batting: RHB Ichiyo Kiyomizu
|
0-0: Called Strike 0-1: Ball 1-1: DOUBLE (Flyball, 78XD, EV 98.1 MPH)
|
Batting: LHB Leonid Machehin
|
0-0: Called Strike 0-1: Ball 1-1: Ball 2-1: Fly out, F9 (Flyball, 9S, EV 83.1 MPH)
|
Batting: RHB Clay Myers
|
0-0: Ball 1-0: Foul Ball, location: 2F 1-1: SINGLE (Groundball, 3D, EV 105.6 MPH) Ichiyo Kiyomizu to third Runner from 3rd tries for Home, SAFE, no throw by RF
|
Batting: LHB Wayne Noble
|
0-0: Called Strike 0-1: Ground out 5-3 (Groundball, 56S, EV 83.1 MPH)
|
Bottom of the 3rd over - 1 run, 2 hits, 0 errors, 1 left on base; Syracuse 0 - Bloomington 5 |
TOP OF THE 4TH |
Syracuse Starks batting - Pitching for Bloomington Longnecks : RHP Augusto Durán
|
Batting: RHB Mikko Haataja
|
0-0: Called Strike 0-1: Ball 1-1: Ground out 6-3 (Groundball, 6, EV 81.2 MPH)
|
Batting: SHB Soren Loen
|
0-0: Ball 1-0: Ball 2-0: Foul Ball, location: 2F 2-1: Ball 3-1: Swinging Strike 3-2: Foul Ball, location: 2F 3-2: Foul Ball, location: 2F 3-2: Fly out, F8 (Line Drive, 8LM, EV 99.4 MPH)
|
Batting: LHB Mare Riseley
|
0-0: Called Strike 0-1: DOUBLE (Line Drive, 7LM, EV 92.5 MPH)
|
Batting: RHB Akke Derksen
|
0-0: Swinging Strike 0-1: Ball Wild Pitch! Mare Riseley to third 1-1: Fly out, F8 (Flyball, 78S, EV 76.2 MPH)
|
Top of the 4th over - 0 runs, 1 hit, 0 errors, 1 left on base; Syracuse 0 - Bloomington 5 |
BOTTOM OF THE 4TH |
Bloomington Longnecks batting - Pitching for Syracuse Starks : LHP Ollie McDaniell
|
Batting: RHB David Milliken
|
0-0: Ball 1-0: Called Strike 1-1: Ball 2-1: Ground out 5-3 (Groundball, 5S, EV 70.0 MPH)
|
Batting: RHB Mei Kim
|
0-0: Ball 1-0: Foul Ball, location: 2F 1-1: Foul Ball, location: 2F 1-2: SINGLE (Groundball, 6MD, EV 100.0 MPH)
|
Pitching: RHP Brian Walker
|
|
Batting: RHB Brock Waxley
|
0-0: Ball Mei Kim steals 2nd base 1-0: Foul Ball, location: 2F 1-1: Swinging Strike 1-2: Ground out 6-3 (Groundball, 6S, EV 81.9 MPH) Mei Kim to third
|
Batting: RHB Amon-Ra St. Brown
|
0-0: Called Strike 0-1: Ball 1-1: Called Strike 1-2: Ball 2-2: Foul Ball, location: 2F 2-2: SINGLE (Line Drive, 7S, EV 88.1 MPH) Mei Kim scores
|
Batting: RHB Olo Iukekini
|
0-0: Ball 1-0: Ball 2-0: Ball 3-0: Called Strike 3-1: Called Strike 3-2: Ground out 6-3 (Groundball, 6M, EV 85.0 MPH)
|
Bottom of the 4th over - 1 run, 2 hits, 0 errors, 1 left on base; Syracuse 0 - Bloomington 6 |
TOP OF THE 5TH |
Syracuse Starks batting - Pitching for Bloomington Longnecks : RHP Augusto Durán
|
Batting: LHB Gary Malone
|
0-0: Called Strike 0-1: Foul Ball, location: 2F 0-2: Strikes out looking
|
Batting: RHB Graeme Dormer
|
0-0: Ball 1-0: Called Strike 1-1: Foul Ball, location: 2F 1-2: Ball 2-2: Fly out, F7 (Flyball, 7, EV 91.2 MPH)
|
Batting: RHB Atanza Vongor
|
0-0: Called Strike 0-1: Ball 1-1: Foul Ball, location: 2F 1-2: Ball 2-2: Ball 3-2: Strikes out looking
|
Top of the 5th over - 0 runs, 0 hits, 0 errors, 0 left on base; Syracuse 0 - Bloomington 6 |
BOTTOM OF THE 5TH |
Bloomington Longnecks batting - Pitching for Syracuse Starks : RHP Brian Walker
|
Batting: RHB Ichiyo Kiyomizu
|
0-0: Ball 1-0: Ball 2-0: Ground out U3 (Groundball, 3, EV 88.1 MPH)
|
Batting: LHB Leonid Machehin
|
0-0: Ball 1-0: Swinging Strike 1-1: Foul Ball, location: 2F 1-2: Strikes out swinging
|
Batting: RHB Clay Myers
|
0-0: Ball 1-0: Ball 2-0: Called Strike 2-1: Ground out 5-3 (Groundball, 56S, EV 68.1 MPH)
|
Bottom of the 5th over - 0 runs, 0 hits, 0 errors, 0 left on base; Syracuse 0 - Bloomington 6 |
TOP OF THE 6TH |
Syracuse Starks batting - Pitching for Bloomington Longnecks : RHP Augusto Durán
|
Batting: RHB Damon Newbold
|
0-0: Called Strike 0-1: Ball 1-1: Swinging Strike 1-2: Ball 2-2: Strikes out looking
|
Batting: RHB Enrico Sánchez
|
0-0: Called Strike 0-1: Ground out 1-3 (Groundball, 15, EV 88.1 MPH)
|
Batting: RHB Mikko Haataja
|
0-0: Ball 1-0: Ground out 5-3 (Groundball, 56S, EV 92.5 MPH)
|
Top of the 6th over - 0 runs, 0 hits, 0 errors, 0 left on base; Syracuse 0 - Bloomington 6 |
BOTTOM OF THE 6TH |
Bloomington Longnecks batting - Pitching for Syracuse Starks : RHP Brian Walker
|
Batting: LHB Wayne Noble
|
0-0: Foul Ball, location: 2F 0-1: Ball 1-1: Ball 2-1: Foul Ball, location: 2F 2-2: Ball 3-2: Fly out, F7 (Flyball, 7D, EV 106.9 MPH)
|
Batting: RHB David Milliken
|
0-0: Called Strike 0-1: Called Strike 0-2: Foul Ball, location: 2F 0-2: Strikes out swinging, 2-3 out at first.
|
Batting: RHB Mei Kim
|
0-0: Ball 1-0: Swinging Strike 1-1: Ball 2-1: Ground out 4-3 (Groundball, 4, EV 83.1 MPH)
|
Bottom of the 6th over - 0 runs, 0 hits, 0 errors, 0 left on base; Syracuse 0 - Bloomington 6 |
TOP OF THE 7TH |
Syracuse Starks batting - Pitching for Bloomington Longnecks : RHP Augusto Durán
|
Batting: SHB Soren Loen
|
0-0: Ground out U3 (Groundball, 3, EV 108.1 MPH)
|
Batting: LHB Mare Riseley
|
0-0: Called Strike 0-1: Swinging Strike 0-2: Ball 1-2: Ball 2-2: Strikes out swinging
|
Batting: RHB Akke Derksen
|
0-0: Ball 1-0: Called Strike 1-1: Ball 2-1: Ball 3-1: Called Strike 3-2: Foul Ball, location: 2F 3-2: Base on Balls
|
Batting: LHB Gary Malone
|
0-0: Called Strike 0-1: Called Strike 0-2: Ball 1-2: Ball 2-2: Fly out, F6 (Popup, 56, EV 56.9 MPH)
|
Top of the 7th over - 0 runs, 0 hits, 0 errors, 1 left on base; Syracuse 0 - Bloomington 6 |
BOTTOM OF THE 7TH |
Bloomington Longnecks batting - Pitching for Syracuse Starks : RHP Brian Walker
|
Batting: RHB Brock Waxley
|
0-0: Ball 1-0: Foul Ball, location: 2F 1-1: Hit by Pitch
|
Batting: RHB Amon-Ra St. Brown
|
0-0: Called Strike 0-1: Swinging Strike 0-2: Foul Ball, location: 2F 0-2: Fly out, F7 (Line Drive, 7, EV 110.0 MPH)
|
Batting: RHB Olo Iukekini
|
0-0: Called Strike 0-1: Swinging Strike 0-2: Fly out, F8 (Flyball, 8RM, EV 81.2 MPH)
|
Batting: RHB Ichiyo Kiyomizu
|
0-0: Called Strike 0-1: Ball 1-1: Fly out, F7 (Flyball, 7LMF, EV 85.0 MPH)
|
Bottom of the 7th over - 0 runs, 0 hits, 0 errors, 1 left on base; Syracuse 0 - Bloomington 6 |
TOP OF THE 8TH |
Syracuse Starks batting - Pitching for Bloomington Longnecks : RHP Augusto Durán
|
Pitching: RHP César González
|
|
Batting: RHB Graeme Dormer
|
0-0: Ball 1-0: Fly out, F7 (Flyball, 7LS, EV 88.1 MPH)
|
Batting: RHB Atanza Vongor
|
0-0: Ball 1-0: Fly out, F7 (Flyball, 7D, EV 81.2 MPH)
|
Batting: RHB Damon Newbold
|
0-0: Ball 1-0: Ball 2-0: Swinging Strike 2-1: Ball 3-1: DOUBLE (Line Drive, 89XD, EV 100.6 MPH)
|
Batting: RHB Enrico Sánchez
|
0-0: Called Strike 0-1: Called Strike 0-2: Strikes out swinging
|
Top of the 8th over - 0 runs, 1 hit, 0 errors, 1 left on base; Syracuse 0 - Bloomington 6 |
BOTTOM OF THE 8TH |
Bloomington Longnecks batting - Pitching for Syracuse Starks : RHP Brian Walker
|
Batting: LHB Leonid Machehin
|
0-0: Ground out 3-1 (Groundball, 34, EV 81.2 MPH)
|
Batting: RHB Clay Myers
|
0-0: Called Strike 0-1: Foul Ball, location: 2F 0-2: Ball 1-2: Ground out 6-3 (Groundball, 6, EV 79.4 MPH)
|
Batting: LHB Wayne Noble
|
0-0: Ball 1-0: Called Strike 1-1: Swinging Strike 1-2: Ball 2-2: Foul Ball, location: 2F 2-2: Ball 3-2: SINGLE (Line Drive, 7S, EV 93.1 MPH)
|
Batting: RHB David Milliken
|
0-0: Ball 1-0: Ball 2-0: 2-RUN HOME RUN (Line Drive, 7D, EV 98.8 MPH), Distance : 384 ft
|
Pinch Hitting: LHB Sean Cox
|
0-0: Ball 1-0: Ball 2-0: Ball 3-0: Base on Balls
|
Batting: RHB Brock Waxley
|
0-0: Swinging Strike 0-1: Fly out, F7 (Flyball, 7S, EV 76.9 MPH)
|
Bottom of the 8th over - 2 runs, 2 hits, 0 errors, 1 left on base; Syracuse 0 - Bloomington 8 |
TOP OF THE 9TH |
Syracuse Starks batting - Pitching for Bloomington Longnecks : RHP César González
|
Now in RF: Sean Cox
|
|
Batting: RHB Mikko Haataja
|
0-0: Ball 1-0: Swinging Strike 1-1: Swinging Strike 1-2: Ground out 6-3 (Groundball, 56, EV 90.0 MPH)
|
Pinch Hitting: RHB Nelson Rivera
|
0-0: Foul Ball, location: 2F 0-1: Fly out, F8 (Flyball, 78S, EV 92.5 MPH)
|
Pinch Hitting: RHB Jimmy Robinson
|
0-0: Swinging Strike 0-1: Foul Ball, location: 2F 0-2: Ball 1-2: Strikes out looking
|
Top of the 9th over - 0 runs, 0 hits, 0 errors, 0 left on base; Syracuse 0 - Bloomington 8 |
|